 Dungeon Crawl Stone Soup version 0.30-a0-808-g6e0788376e (webtiles) character file.

Game seed: 236077967129856262

126 Demosthentine the Ducker (level 4, 0/35 HPs)
             Began as a Demonspawn Gladiator on Feb 26, 2023.
             Slain by Ijyb
             ... wielding a +0 club
              (3 damage)
             ... on level 3 of the Dungeon.
             The game lasted 00:01:38 (2000 turns).

Demosthentine the Ducker (Demonspawn Gladiator)     Turns: 2000, Time: 00:01:38

Health: 0/35       AC:  5    Str: 14    XL:     4   Next: 84%
Magic:  4/4        EV: 13    Int: 10    God:
Gold:   146        SH:  0    Dex: 16    Spells: 3/3 levels left

rFire   . . .      SeeInvis .    a - +0 trident (vamp)
rCold   . . .      Faith    .    (no shield)
rNeg    . . .      Spirit   .    b - +0 leather armour
rPois   .          Reflect  .    c - +0 helmet
rElec   .          Harm     .    f - +0 cloak
rCorr   .          Rampage  .    (no gloves)
Will    .....                    (no boots)
Stlth   +                        (no amulet)
HPRegen 0.25/turn                (no ring)
MPRegen 0.09/turn                (no ring)

@: no status effects
A: claws 2
a: no special abilities


You were on level 3 of the Dungeon.
You visited 1 branch of the dungeon, and saw 3 of its levels.

You collected 146 gold pieces.

Inventory:

Hand Weapons
 a - a +0 vampiric trident (weapon)
Missiles
 d - 3 throwing nets (quivered)
 e - a javelin
Armour
 b - a +0 leather armour (worn)
 c - a +0 helmet (worn)
 f - a +0 cloak (worn)
Jewellery
 i - an amulet of regeneration
Scrolls
 g - a scroll of noise {unknown}
 k - a scroll of torment {unknown}
Potions
 h - 2 potions of degeneration {unknown}
 j - a potion of ambrosia
 l - a potion of heal wounds


   Skills:
 + Level 3.1 Fighting
 + Level 3.4 Polearms
 - Level 1.7 Throwing
 + Level 1.8 Armour
 + Level 3.4 Dodging


You had 3 spell levels left.
You didn't know any spells.
Your spell library contained the following spells:

 Spells                   Type           Power      Damage    Failure   Level
 Portal Projectile        Hex/Tloc       0%         N/A       80%         3
 Tukima's Dance           Hex            0%         N/A       80%         3
 Blade Hands              Tmut           0%         N/A       100%        5


Dungeon Overview and Level Annotations

Branches:
Dungeon (3/15)

Altars:

Annotations:
D:3 Ijyb


Innate Abilities, Weirdness & Mutations

You have very sharp fingernails.


Message History

You open the door.
There is an open door here.
You now have 146 gold pieces (gained 10).
Ijyb the Twisted Goblin comes into view.
She is wielding a +0 club and carrying a wand of flame (14).
Ijyb zaps a wand.
The puff of flame hits you.
Ijyb is nearby!
Ijyb zaps a wand.
The puff of flame hits you.
Ijyb is nearby!
You reach to attack!
You closely miss Ijyb.
Ijyb zaps a wand.
The puff of flame hits you.
Ijyb is nearby!
You reach to attack!
You barely miss Ijyb. You hit Ijyb.
Ijyb is moderately wounded.
Ijyb hits you with a +0 club.
Ijyb zaps a wand.
The puff of flame hits you.
Ijyb is nearby!
You are too injured to fight recklessly!
You are too injured to fight recklessly!
You are too injured to fight recklessly!
You are too injured to fight recklessly!
You hit Ijyb.
Ijyb is moderately wounded.
Ijyb zaps a wand.
The puff of flame hits you.
* * * LOW HITPOINT WARNING * * *
You hit Ijyb but do no damage.
Ijyb is moderately wounded.
Ijyb closely misses you.
You hit Ijyb but do no damage.
Ijyb is moderately wounded.
Ijyb screams, "Me stronger than you!" Ijyb hits you with a +0 club.
* * * LOW HITPOINT WARNING * * *
You closely miss Ijyb.
Ijyb is moderately wounded.
Ijyb hits you with a +0 club.
* * * LOW HITPOINT WARNING * * *
You hit Ijyb.
Ijyb is heavily wounded.
Ijyb hits you with a +0 club.
You die...

.. .# .. .#
##. .##### ..
#......
###.#.......
...........
#.g.......
#@# #.##
#..######
##......###
######...###
###...##+#
########
###..#.#
#......#
##.#.#
######......#
#...##


You could see Ijyb.

Vanquished Creatures
  Jessica (D:2)
  Terence (D:2)
  An adder (D:2)
  2 ufetubi
  3 dart slugs
  A ball python (D:3)
  4 endoplasms
  2 giant cockroaches
  3 goblins
  6 hobgoblins
  4 jackals (D:2)
  3 quokkas
  4 bats
  3 frilled lizards
  8 kobolds
  2 rats
48 creatures vanquished.

Notes
Turn   | Place    | Note
-------+----------+-------------------------------------------
     0 | D:1      | Demosthentine the Demonspawn Gladiator began the quest for
                  | the Orb.
     0 | D:1      | Reached XP level 1. HP: 16/16 MP: 1/1
   240 | D:1      | Gained mutation: You have sharp fingernails. [demonic
                  | ancestry]
   240 | D:1      | Reached XP level 2. HP: 22/22 MP: 2/2
   536 | D:1      | Found a faded altar of an unknown god.
   813 | D:2      | Reached skill level 1 in Armour
   866 | D:2      | Reached XP level 3. HP: 18/28 MP: 3/3
   963 | D:2      | Noticed Terence
   981 | D:2      | Killed Terence
   982 | D:2      | Gained mutation: You have very sharp fingernails. [demonic
                  | ancestry]
   982 | D:2      | Reached XP level 4. HP: 26/34 MP: 4/4
  1029 | D:2      | Noticed Jessica
  1040 | D:2      | Killed Jessica
  1990 | D:3      | Noticed Ijyb
  2000 | D:3      | Slain by Ijyb

Illustrated notes

Levels and vault maps discovered:
D:1:      dpeg_arrival_snail, layout_loops_ring,
          dreamdust_ecumenical_altar_angels_and_demons
D:2:      layout_basic, kennysheep_jessica_study, uniq_terence
D:3:      layout_basic, fountainhead, wad_orctagon, uniq_ijyb,
          uniq_crazy_yiuf_cottage

Skill      XL: |  1  2  3  4 |
---------------+-------------+-----
Dodging        | 3 |  3.4
Polearms       | 3 |  3.4
Armour         | 1 |  1.8
Fighting       | 3 |  3.1
Throwing       | |  1.7

Action                     |  1- 3 |  4- 6 || total
---------------------------+-------+-------++-------
  Melee: Trident           |    97 |    65 ||   162
    Use: Scroll            |     1 |     4 ||     5
   Stab: Sleeping          |     3 |       ||     3
 Armour: Leather armour    |    26 |    16 ||    42
  Dodge: Dodged            |    45 |    39 ||    84

Table legend: (Time is in decaauts)
 A = Elapsed time spent in this place.
 B = Non-inter-level travel time spent in this place.
 C = Inter-level travel time spent in this place.
 D = Time resting spent in this place.
 E = Time spent auto-exploring this place.
 F = Levels seen in this place.
 G = Mean time per level.
                   A        B        C        D        E       F      G
               +--------+--------+--------+--------+--------+-----+--------+
         Total |   2023 |   2016 |      7 |      0 |   1661 |   3 |  674.3 |
       Dungeon |   2023 |   2016 |      7 |      0 |   1661 |   3 |  674.3 |
               +--------+--------+--------+--------+--------+-----+--------+

Top non-repeatable levels by time:
     D:2: 831 daAuts
     D:1: 814 daAuts
     D:3: 378 daAuts
